Map: Ruins of Seras

Players

ChitogeBesto - Winner!

  • Race: Zerg Zerg
  • League: Master

MorDka

  • Race: Protoss Protoss
  • League: Master

Event: Lycan League Weekly August #3

VOD

Have the link to the VOD?

Description

Time

  • Played on: Aug. 17, 2015, 12:15 p.m.
  • Length: 9:56

All games in this series

Show
View Real Time Build Order
Export as new Build Order

ChitogeBesto Zerg - Winner!

Build Orders: Pool First 

Get SALT Encoding   

  12  0:01  Drone  
  13  0:09  Drone  
  14  0:16  Extractor  
  13  0:23  Drone  
  14  0:36  Spawning Pool  
  14  0:41  Drone  
  14  0:48  Overlord  
  14  1:02  Extractor  
  14  1:03  Drone  
  15  1:23  Metabolic Boost, Zergling x6  
  18  1:30  Queen  
  20  1:39  Zergling x2  
  21  1:58  Hatchery  
  20  2:03  Zergling x2  
  21  2:08  Overlord  
  21  2:21  Zergling x2  
  22  2:27  Zergling x2  
  23  2:34  Zergling x2  
  24  2:40  Zergling x4  
  24  2:41  Overlord  
  26  2:46  Drone x2  
  28  2:56  Zergling x2  
  28  3:04  Zergling x2  
  28  3:17  Zergling x10  
  30  3:25  Zergling x4  
  29  3:32  Queen  
  30  3:34  Zergling x4  
  31  3:44  Drone x2  
  32  3:57  Zergling x4  
  34  4:09  Drone x4  
  38  4:10  Drone  
  38  4:21  Zergling x4  
  39  4:41  Zergling x6  
  39  4:42  Zergling x4  
  39  4:43  Overlord x2  
  43  4:56  Zergling x2  
  43  4:57  Overlord  
  43  5:00  Overlord x2  
  43  5:03  Lair  
  41  5:15  Drone x4  
  43  5:24  Drone x2  
  44  5:34  Drone x5  
  44  5:35  Drone  
  50  5:40  Evolution Chamber  
  47  5:43  Drone x2  
  43  5:57  Drone  
  43  6:03  Roach Warren, Extractor  
  42  6:04  Extractor  
  42  6:05  Zerg Missile Weapons Level 1  
  41  6:29  Drone x6  
  46  6:44  Spore Crawler  
  46  6:45  Spore Crawler, Glial Reconstitution  
  46  6:46  Roach  
  46  6:47  Roach x9  
  62  6:49  Roach  
  66  7:06  Overlord  
  66  7:10  Roach x3  
  72  7:20  Roach  
  72  7:21  Roach x2  
  72  7:22  Overlord  
  78  7:30  Overseer  
  78  7:32  Hatchery, Roach x2  
  78  7:35  Extractor  
  80  7:46  Roach x5  
  88  8:05  Roach  
  88  8:06  Roach x5  
  88  8:09  Overlord  
  92  8:15  Ravager x2  
  92  8:18  Roach  
  92  8:19  Overlord, Roach  
  99  8:27  Ravager  
  99  8:31  Drone x2  
  101  8:36  Ravager  
  92  8:49  Extractor  
  92  8:51  Roach  
  92  8:52  Roach x5  
  92  8:54  Extractor  
  102  9:01  Ravager x2  
  104  9:04  Drone  
  104  9:05  Drone x3  
  104  9:06  Drone  
  109  9:15  Roach x3  
  115  9:19  Overlord  
  115  9:23  Roach  
  117  9:33  Roach x2  
Show
View Real Time Build Order
Export as new Build Order

MorDka Protoss 

Build Orders: 1 Gate Expand 

Get SALT Encoding   

  12  0:01  Probe  
  13  0:13  Pylon  
  13  0:20  Probe  
  14  0:32  Probe (Chrono Boost)  
  15  0:35  Gateway  
  15  0:41  Probe (Chrono Boost)  
  16  0:49  Probe  
  17  1:01  Probe  
  18  1:17  Nexus  
  18  1:27  Cybernetics Core  
  18  1:32  Assimilator  
  18  1:37  Assimilator  
  18  1:40  Probe  
  19  1:52  Probe  
  20  1:59  Pylon  
  20  2:04  Adept (Chrono Boost)  
  22  2:15  Warp Gate  
  22  2:17  Probe  
  22  2:24  Adept (Chrono Boost)  
  24  2:30  Probe  
  25  2:42  Pylon  
  25  2:43  Mothership Core (Chrono Boost)  
  29  2:44  Adept (Chrono Boost)  
  29  2:55  Pylon  
  29  3:00  Pylon  
  29  3:08  Forge  
  29  3:17  Pylon  
  25  3:21  Adept (Chrono Boost)  
  24  3:27  Pylon  
  24  3:41  Adept  
  24  3:43  Photon Cannon  
  26  3:58  Pylon  
  23  4:04  Probe  
  23  4:08  Adept (Chrono Boost)  
  26  4:12  Photon Cannon  
  26  4:15  Photon Cannon  
  26  4:19  Probe  
  26  4:22  Probe  
  28  4:29  Sentry  
  30  4:35  Probe  
  26  4:47  Probe  
  27  4:53  Probe  
  29  5:00  Probe  
  29  5:06  Probe  
  29  5:12  Probe  
  23  5:18  Sentry  
  23  5:19  Probe  
  21  5:25  Probe  
  22  5:31  Probe  
  23  5:37  Probe  
  23  5:42  Sentry  
  26  5:51  Probe (Chrono Boost)  
  27  6:03  Probe (Chrono Boost)  
  28  6:06  Sentry  
  28  6:07  Pylon  
  31  6:11  Probe (Chrono Boost)  
  31  6:20  Probe  
  32  6:39  Nexus  
  32  6:41  Adept  
  32  6:44  Probe  
  35  6:48  Assimilator  
  35  6:53  Assimilator  
  35  7:04  Probe (Chrono Boost)  
  36  7:14  Probe (Chrono Boost)  
  37  7:19  Robotics Facility  
  37  7:21  Probe (Chrono Boost)  
  38  7:32  Probe (Chrono Boost)  
  38  7:34  Stalker  
  41  7:39  Probe (Chrono Boost)  
  42  7:50  Probe  
  43  8:09  Immortal (Chrono Boost)  
  43  8:11  Sentry  
  49  8:13  Probe x2 (Chrono Boost)  
  51  8:23  Probe x2 (Chrono Boost)  
  53  8:30  Probe x2  
  55  8:41  Immortal (Chrono Boost)  
  59  8:45  Adept  
  48  8:58  Gateway  
  48  9:00  Gateway  
  48  9:04  Pylon  
  48  9:07  Immortal (Chrono Boost)  
  52  9:10  Sentry  
  54  9:19  Pylon  
  54  9:28  Pylon  
  54  9:37  Adept  

Tags
 
Add a new tag
Caveats
  • Supply blocks, unpowered buildings, or Contaminate may cause inaccurate times.
  • Supply counts are checked every 10 seconds.